Map: Turbo Cruise '84 LE

Players

louie

  • Race: Terran Terran
  • League: Gold
  • Spawn Location: 7:00

SandboX - Winner!

  • Race: Zerg Zerg
  • League: Gold
  • Spawn Location: 3:00

VOD

Have the link to the VOD?

Description

Time

  • Played on: Aug. 11, 2019, 11:26 p.m.
  • Length: 14:29
Show
View Real Time Build Order
Export as new Build Order

louie Terran 

Build Orders:  

Get SALT Encoding   

  12  0:01  SCV  
  13  0:13  SCV  
  14  0:24  Supply Depot  
  14  0:25  SCV  
  15  0:45  SCV  
  15  0:49  Barracks  
  16  0:58  SCV  
  16  1:02  Barracks  
  17  1:13  Barracks  
  17  1:18  SCV  
  18  1:31  Supply Depot  
  18  1:36  Barracks  
  18  1:57  Marine, Supply Depot  
  18  1:58  Marine  
  20  2:06  Marine  
  21  2:17  Marine  
  21  2:18  Marine  
  21  2:19  Refinery  
  23  2:23  Marine  
  23  2:29  Bunker  
  24  2:38  Marine x2  
  24  2:41  Bunker, Marine  
  26  2:56  Marine x2  
  27  3:07  Marine  
  28  3:13  Refinery, SCV  
  28  3:14  Marine x2  
  31  3:25  SCV  
  31  3:30  Marine  
  31  3:32  Marine  
  31  3:39  Bunker  
  31  3:50  Marine  
  31  3:53  Marine  
  31  3:55  Marine  
  25  4:20  Factory  
  19  4:30  SCV  
  18  4:35  Command Center  
  18  4:42  SCV  
  19  4:56  Refinery  
  19  5:10  Factory Reactor  
  19  5:14  SCV  
  20  5:34  SCV  
  21  5:46  SCV  
  21  5:48  Hellion x2  
  21  5:49  Orbital Command  
  26  5:54  Factory  
  26  6:09  Marine  
  26  6:10  Hellion, Orbital Command  
  29  6:15  Supply Depot  
  29  6:19  Supply Depot  
  29  6:27  Marine  
  22  6:48  Hellion x2  
  26  7:05  SCV  
  27  7:09  Hellion  
  29  7:25  Orbital Command  
  29  7:37  Hellion  
  29  7:39  Marine  
  29  7:41  SCV  
  33  7:53  SCV  
  33  7:58  SCV  
  36  7:59  Hellion  
  37  8:10  SCV  
  38  8:20  Supply Depot  
  38  8:22  Engineering Bay  
  38  8:25  Supply Depot  
  38  8:28  Starport  
  38  8:31  Factory Tech Lab  
  38  8:33  SCV  
  38  8:45  SCV  
  38  8:47  Hellion  
  41  8:54  Infernal Pre-Igniter  
  41  9:02  SCV  
  42  9:05  Viking  
  42  9:08  Hellion  
  46  9:14  SCV x2  
  48  9:26  SCV  
  48  9:28  Supply Depot  
  48  9:29  SCV  
  50  9:39  SCV, Medivac  
  50  9:41  SCV  
  50  9:42  Armory  
  50  9:43  Hellion  
  50  9:44  Hellion  
  58  9:51  SCV  
  59  9:59  Neosteel Armor  
  59  10:04  SCV  
  60  10:08  Factory Tech Lab  
  60  10:11  Factory  
  60  10:16  SCV  
  61  10:51  Widow Mine  
  61  10:53  Hellion  
  61  10:55  Terran Vehicle Weapons Level 1  
  61  10:56  SCV  
  66  10:58  Factory Tech Lab  
  66  11:02  SCV  
  67  11:08  SCV  
  68  11:12  Widow Mine  
  68  11:14  Hellion, SCV  
  73  11:30  Liberator  
  73  11:32  Siege Tank  
  72  11:36  Siege Tank  
  72  11:38  SCV  
  76  11:49  Command Center  
  76  11:50  SCV  
  80  12:16  Hellion  
  80  12:17  Siege Tank  
  85  12:33  Liberator  
  85  12:37  Supply Depot  
  85  12:39  Supply Depot  
  85  12:40  Supply Depot  
  85  12:45  Refinery  
  85  12:46  Refinery  
  85  12:50  Hellion x3  
  94  13:12  Hellion  
  94  13:16  Liberator  
Show
View Real Time Build Order
Export as new Build Order

SandboX Zerg - Winner!

Build Orders: Hatch First 

Get SALT Encoding   

  12  0:01  Drone  
  13  0:14  Overlord  
  13  0:25  Overlord  
  13  0:29  Drone  
  13  0:34  Drone  
  15  0:37  Drone  
  16  0:48  Drone  
  17  1:07  Drone  
  17  1:09  Drone, Hatchery  
  18  1:19  Extractor  
  17  1:25  Spawning Pool  
  17  1:29  Drone  
  17  1:32  Drone  
  18  1:41  Drone  
  19  2:04  Drone  
  19  2:05  Drone  
  21  2:17  Zergling x2  
  21  2:21  Zergling x2  
  21  2:22  Queen x2  
  23  2:24  Metabolic Boost  
  27  2:40  Zergling x6  
  30  2:44  Zergling x2  
  31  2:56  Zergling x6  
  33  3:11  Zergling x4  
  35  3:16  Zergling x2  
  32  3:32  Zergling x6  
  28  3:40  Zergling x8  
  29  3:49  Zergling x4  
  28  4:18  Zergling x2  
  29  4:31  Zergling x2  
  29  4:32  Overlord x2  
  30  4:43  Hatchery  
  29  4:49  Queen  
  29  4:52  Hatchery  
  30  5:22  Baneling Nest  
  29  5:30  Queen  
  31  5:40  Zergling x4  
  31  5:41  Zergling x2  
  34  6:10  Baneling  
  34  6:11  Baneling x13  
  34  6:17  Drone x9  
  43  6:27  Queen  
  39  6:57  Roach Warren, Extractor  
  39  7:00  Extractor  
  36  7:07  Drone  
  36  7:08  Drone x13  
  50  7:12  Lair  
  50  7:17  Evolution Chamber  
  50  7:20  Evolution Chamber  
  45  7:31  Zergling x14  
  51  7:58  Zerg Missile Weapons Level 1  
  51  8:00  Zerg Ground Armor Level 1  
  51  8:05  Drone x7  
  58  8:07  Overlord x2  
  58  8:08  Overlord  
  58  8:28  Drone x8  
  58  8:29  Drone x3  
  58  8:32  Extractor x2  
  67  9:13  Roach x3  
  67  9:14  Roach x4  
  67  9:16  Overlord x4  
  81  9:32  Glial Reconstitution  
  81  9:33  Extractor  
  81  9:36  Hydralisk Den  
  79  9:54  Roach x12  
  79  9:55  Roach x5  
  79  9:57  Overlord x3  
  79  9:58  Overlord  
  113  10:23  Hydralisk x5  
  123  10:32  Hydralisk x3  
  123  10:33  Hatchery  
  123  10:35  Muscular Augments  
  128  10:48  Overlord  
  128  10:49  Overlord x2  
  128  11:06  Hydralisk x5  
  138  11:18  Overlord x4  
  130  11:35  Ravager  
  130  11:36  Spore Crawler  
  130  11:39  Spore Crawler  
  129  11:42  Spore Crawler  
  128  11:47  Hydralisk x5  
  138  11:59  Hydralisk x3  
  144  12:13  Roach  
  144  12:30  Overseer x5  
  144  12:39  Queen  
  144  12:41  Drone  
  144  12:42  Drone x12  
  159  13:09  Hydralisk x7  
  159  13:11  Overlord  
  155  13:39  Hydralisk x10  
  151  13:48  Hydralisk x4  
  139  14:01  Hydralisk x5  
Tags
 
Add a new tag
Caveats
  • Supply blocks, unpowered buildings, or Contaminate may cause inaccurate times.
  • Supply counts are checked every 10 seconds.